cohdb
Replays
Latest Replays
All Replays
Popular Replays
Top Player Replays
Match Explorer
How It Works
Community
CoH3 Stats
Reddit
Sign in to upload your games and track your stats! →
Sign in with Steam
Match 38628931
Unlisted
Match 38628931
Overview
Messages
Build Orders
End
Construct Infanterie Kompanie
Selects Mechanized Battlegroup
MG 42 Machine Gun Team
MG 42 Machine Gun Team
GrW 34 Mortar Team
Grenadier Squad
Construct Luftwaffe Kompanie
MG 42 Bunker
Jäger Squad
Support Elements
Construct Panzergrenadier Kompanie
251 Medium Carrier
Selects Raid Package
Selects Raid Package
Pak 40 Anti-tank Gun Team
Selects StuG Assault Group
251 Medium Carrier
Pioneer Squad
StuG III G Assault Gun
Selects UNKNOWN (2160084)
Selects Mobile Repair Stations
Selects Wespe Self-propelled Artillery
Selects Mobile Repair Stations
Selects Stoßtruppen Assault Package
Wirbelwind Flakpanzer
koga
Shakti
Henry#14
Opuds8
Para_Dilshan
thedowner21
0
0
Comments
sign in to comment!
No comments posted yet!